 Dungeon Crawl Stone Soup version 0.26-a0-652-gafc20e3620 (webtiles) character file.

Game seed: 3076132039112224094

15526 zazu2006 the Covert (level 12, -2/100 HPs)
             Began as a Naga Hedge Wizard on Oct 2, 2020.
             Was an Elder of Vehumet.
             Hit by a silver javelin thrown by a minotaur (32 damage)
             ... in a Gauntlet.
             The game lasted 00:51:00 (17691 turns).

zazu2006 the Covert (Naga Hedge Wizard)            Turns: 17691, Time: 00:51:01

Health: -2/100     AC: 16    Str: 15    XL:     12   Next: 27%
Magic:  17/25      EV: 15    Int: 20    God:    Vehumet [****..]
Gold:   963        SH:  0    Dex:  8    Spells: 17/29 levels left

rFire    + . .     SeeInvis +   N - +5 scimitar (flame)
rCold    + + +     Faith    .   (no shield)
rNeg     . . .     Spirit   .   S - +4 troll leather armour {Snorg}
rPois    +         Reflect  .   u - +1 helmet
rElec    +         Harm     .   E - +0 cloak
rCorr    +         Rampage  .   Z - +1 pair of gloves "Kocameo" {+Blink rC++ Dex-2 Slay+2}
MR       ++...     NoTele   +   (no barding)
Stlth    ++++......             H - amulet of regeneration
HPRegen  1.06/turn              R - ring of protection from cold
MPRegen  0.19/turn              Q - ring "Biniczi" {MR+ EV+4 Int+2}

@: lethally poisoned (-2 -> -3), resistant, very slow
A: large, see invisible, deformed body, poison resistance, slowness 2, spit
poison 1, AC +4
a: Spit Poison, Renounce Religion, Evoke Blink


You were in a Gauntlet.
You worshipped Vehumet.
Vehumet was greatly pleased with you.
You visited 2 branches of the dungeon, and saw 13 of its levels.
You also visited: Sewer, Ossuary and Gauntlet.

You collected 1023 gold pieces.
You spent 60 gold pieces at shops.

Inventory:

Hand Weapons
 G - the +0 dagger of Pegu {freeze, Str+2}
   (You found it on level 7 of the Dungeon)

   It has been specially enchanted to freeze those struck by it, causing extra
   injury to most foes and up to half again as much damage against particularly
   susceptible opponents.
   It can also slow down cold-blooded creatures.
   It affects your strength (+2).
 N - a +5 scimitar of flaming (weapon)
 U - the +7 short sword of Okawaru's Displeasure {protect, rPois Int-4 SInv Stlth+}
   (You found it on level 10 of the Dungeon)

   It grants its wielder temporary protection when it strikes (+7 to AC).
   It affects your intelligence (-4).
   It protects you from poison.
   It lets you see invisible.
   It makes you more stealthy.
 Y - the +6 whip of Mueq {drain, rC+ SInv, unknown}
   (You found it on level 11 of the Dungeon)

   A truly terrible weapon, it drains the life of those it strikes.
   It protects you from cold.
   It lets you see invisible.
Missiles
 J - 19 poisoned darts (quivered)
Armour
 h - +0 swamp dragon scales
 l - a scarf of resistance
 u - a +1 helmet (worn)
 E - a +0 cloak (worn)
 O - a +2 robe of fire resistance
 S - a +4 troll leather armour (worn) {Snorg}
 Z - the +1 pair of gloves "Kocameo" (worn) {+Blink rC++ Dex-2 Slay+2}
   (You found it in a Gauntlet)

   It affects your dexterity (-2).
   It affects your accuracy and damage with ranged weapons and melee attacks
   (+2).
   It greatly protects you from cold.
   It lets you blink.
Jewellery
 C - a +4 ring of evasion
 H - an amulet of regeneration (around neck)
 K - an uncursed ring of flight
 Q - the ring "Biniczi" (right hand) {MR+ EV+4 Int+2}
   (You found it on level 10 of the Dungeon)

   [ring of evasion]

   It affects your evasion (+4).
   It affects your intelligence (+2).
   It affects your resistance to hostile enchantments.
 R - a ring of protection from cold (left hand)
 T - an uncursed ring of protection from magic {unknown}
Wands
 n - a wand of iceblast (15)
 z - a wand of random effects (14)
 B - a wand of polymorph (13)
 I - a wand of digging (13)
 V - a wand of acid (5)
Scrolls
 e - 6 scrolls of fog
 f - a scroll of random uselessness {unknown}
 g - a scroll of acquirement {unknown}
 i - 3 scrolls of teleportation
 j - 9 scrolls of remove curse
 m - 3 scrolls of noise
 o - 4 scrolls of amnesia
 q - 4 scrolls of fear
 t - 6 scrolls of enchant weapon
 v - 4 scrolls of enchant armour
 y - 3 scrolls of immolation
 A - 4 scrolls of blinking
Potions
 a - 3 potions of ambrosia
 b - 2 potions of lignification
 c - a potion of haste
 d - 2 potions of berserk rage
 k - 6 potions of curing
 p - 10 potions of flight {unknown}
 r - 3 potions of mutation
 w - 3 potions of stabbing
 x - 3 potions of heal wounds
 D - a potion of might
 F - 2 potions of cancellation
 M - 2 potions of brilliance
 W - a potion of invisibility
Miscellaneous
 P - a condenser vane (1/2)


   Skills:
 + Level 4.4 Fighting
 + Level 7.0 Long Blades
 + Level 3.9 Armour
 + Level 5.0 Dodging
 + Level 12.2 Stealth
 + Level 9.0 Spellcasting
 + Level 7.7 Conjurations
   Level 1.0 Summonings
 + Level 3.1 Translocations
 + Level 1.1 Fire Magic
 + Level 3.2 Air Magic
 + Level 6.2 Poison Magic
 + Level 2.0 Evocations


You had 17 spell levels left.
You knew the following spells:

 Your Spells              Type           Power        Failure   Level
a - Magic Dart            Conj           ####         1%          1
b - Mephitic Cloud        Conj/Pois/Air  ####....     1%          3
c - Conjure Flame         Conj/Fire      ####....     1%          3
d - Blink                 Tloc           N/A          3%          2
e - Dazzling Flash        Conj/Hex       ###...       1%          3

Your spell library contained the following spells:

 Spells                   Type           Power        Failure   Level
 Inner Flame              Hex/Fire       ##......     6%          3
 Corona                   Hex            #......      10%         1
 Call Imp                 Summ           ##......     10%         2
 Ensorcelled Hibernation  Hex/Ice        #.....       14%         2
 Slow                     Hex            #.......     14%         2
 Confusing Touch          Hex            #.......     28%         3
 Tukima's Dance           Hex            #.......     28%         3


Dungeon Overview and Level Annotations

Branches:
Dungeon (12/15)            Temple (1/1) D:4            Lair (0/6) D:11
    Orc (0/2) D:12          Sewer (visited)         Ossuary (visited)
Gauntlet (1/1)

Altars:
Ashenzari
Cheibriados
Dithmenos
Elyvilon
Fedhas
Gozag
Hepliaklqana
Kikubaaqudgha
Makhleb
Nemelex Xobeh
Okawaru
Qazlal
Ru
Sif Muna
Trog
Uskayaw
Vehumet
Wu Jian
Xom
Yredelemnul
Zin
The Shining One

Shops:
D:7 !

Annotations:
Gauntlet 8 transporters, 2 runed translucent doors, exclusion: 2 lightning spires


Innate Abilities, Weirdness & Mutations

You cannot wear boots.
Your serpentine skin is tough. (AC +4)
You have supernaturally acute eyesight. (SInv)
Armour fits poorly on your strangely shaped body.
Your system is resistant to poisons. (rPois)
You cover ground very slowly.
You can spit poison.


Message History

You hit the minotaur but do no damage.
The minotaur is engulfed in noxious fumes.
The minotaur hits you with the +10 dagger of the Heavens {venom, rN+}!
You are poisoned.
The minotaur gores you.
You barely miss the minotaur.
The minotaur is lightly wounded.
You feel sick.
The minotaur is engulfed in noxious fumes.
The minotaur misses you.
The minotaur gores you but does no damage.
Unknown command.
Casting: Mephitic Cloud (safe; 1% risk of failure)
Confirm with . or Enter, or press ? or * to list all spells.
You blink.
You feel sick.
The minotaur throws a silver javelin.
The silver javelin pierces through you!!
* * * LOW HITPOINT WARNING * * *
You feel sick.
The minotaur throws a silver javelin.
The silver javelin pierces through you!!
You die...

.### ... #######H######
#.....§.......# #.###.###.###.#
#.###.###.###.# #.............#
###.###.###.## ###@###.###.###
#.(...........# ##...©.©.©...##
############.........########
###≈#≈#≈#≈#≈#############≈#≈#≈#
#≈..............8.∩.8...§...§§.
##.............................
#≈..#########.#########.#######
##..#..!©.hh#.#..?©bbh#.#...©..


You could see a minotaur.

Vanquished Creatures
  A reaper (Gauntlet)
  Snorg (D:10)
  Erolcha (D:12)
  Erica (D:9)
  A two-headed ogre (D:12)
  An unseen horror (D:12)
  A necromancer (Gauntlet)
  2 manticores (D:12)
  Maggie (D:9)
  A hellwing (Gauntlet)
  2 trolls (D:10)
  4 hippogriffs
  A wyvern (D:9)
  17 yaks
  Eustachio (D:5)
  2 steam dragons
  Edmund (D:4)
  4 orc warriors
  A hornet zombie (D:7)
  3 sky beasts
  An eye of draining (D:12)
  4 phantoms
  3 ice beasts
  A black bear (D:9)
  5 wolves (Gauntlet)
  A necrophage (D:9)
  A centaur (D:6)
  7 ogres
  2 crocodiles
  3 bullfrogs
  A water moccasin zombie (D:8)
  2 jellies
  4 scorpions
  14 killer bees
  11 wights
  2 howler monkeys
  A quasit (D:10)
  A centaur zombie (D:5)
  3 centaur skeletons
  7 hounds
  Crazy Yiuf (D:5)
  3 orc priests
  An iguana (D:8)
  Ijyb (D:5)
  10 orc wizards
  8 worker ants
  2 hound zombies
  A hound skeleton (D:4)
  8 mummies (Ossuary)
  A worker ant zombie (D:7)
  Robin (D:3)
  6 gnolls
  9 adders
  4 shadow imps
  4 white imps
  3 ufetubi
  5 oozes
  3 worms
  A dart slug (D:3)
  10 leopard geckos
  21 orcs
  4 ball pythons
  5 giant cockroaches
  17 goblins
  9 hobgoblins
  22 jackals
  2 quokkas
  A ball python skeleton (D:5)
  16 bats
  9 frilled lizards
  4 hobgoblin zombies (Ossuary)
  5 kobolds
  2 kobold zombies (Ossuary)
  2 leopard gecko skeletons (D:5)
  A leopard gecko zombie (D:5)
  2 orc zombies (Ossuary)
  A quokka skeleton (D:8)
  6 rats
  2 rat zombies (D:4)
334 creatures vanquished.

Vanquished Creatures (collateral kills)
  A killer bee (D:11)
1 creature vanquished.

Vanquished Creatures (others)
  A gnoll (D:9)
  3 plants (Gauntlet)
4 creatures vanquished.

Grand Total: 339 creatures vanquished

Notes
Turn   | Place    | Note
-------+----------+-------------------------------------------
     0 | D:1      | zazu2006 the Naga Hedge Wizard began the quest for the Orb.
     0 | D:1      | Reached XP level 1. HP: 15/15 MP: 4/4
   296 | D:1      | Reached XP level 2. HP: 17/22 MP: 3/6
  1137 | D:1      | Reached XP level 3. HP: 28/28 MP: 5/8
  1144 | D:1      | Learned a level 3 spell: Mephitic Cloud
  1148 | D:1      | Learned a level 3 spell: Conjure Flame
  1151 | D:1      | Learned a level 2 spell: Blink
  1755 | D:2      | Found a faded altar of an unknown god.
  2571 | D:2      | Reached XP level 4. HP: 36/36 MP: 6/9
  2608 | D:2      | Reached skill level 1 in Poison Magic
  3080 | D:3      | Noticed Robin
  3702 | D:3      | Found a snail-covered altar of Cheibriados.
  3962 | D:3      | Reached XP level 5. HP: 25/42 MP: 4/11
  4388 | D:3      | Killed Robin
  4918 | D:4      | Found a staircase to the Ecumenical Temple.
  4952 | Temple   | Entered the Ecumenical Temple
  5090 | Temple   | Became a worshipper of Vehumet
  5128 | D:4      | Found a sand-covered staircase.
  5135 | Ossuary  | Entered an ossuary
  5342 | Ossuary  | Reached XP level 6. HP: 49/49 MP: 1/12
  6531 | D:4      | Noticed Edmund
  6545 | D:4      | Killed Edmund
  6545 | D:4      | Reached skill level 1 in Fighting
  6612 | D:4      | Reached skill level 4 in Stealth
  6612 | D:4      | Reached XP level 7. HP: 29/57 MP: 1/14
  6830 | D:4      | Reached * piety under Vehumet
  6830 | D:4      | Offered knowledge of Foxfire by Vehumet.
  7346 | D:4      | Reached skill level 5 in Spellcasting
  7472 | D:5      | Entered Level 5 of the Dungeon
  7479 | D:5      | Noticed Eustachio
  7498 | D:5      | Killed Eustachio
  7498 | D:5      | Reached skill level 1 in Armour
  7498 | D:5      | Reached skill level 5 in Stealth
  7709 | D:5      | Found a glowing drain.
  7733 | D:5      | Reached XP level 8. HP: 64/64 MP: 8/16
  7743 | Sewer    | Entered a sewer
  9055 | D:5      | Found a runed translucent door.
  9056 | D:5      | Noticed Crazy Yiuf
  9147 | D:5      | Noticed Ijyb
  9173 | D:5      | Killed Ijyb
  9639 | D:5      | Killed Crazy Yiuf
  9839 | D:6      | Reached skill level 1 in Air Magic
 10792 | D:7      | Reached skill level 6 in Stealth
 10792 | D:7      | Reached skill level 5 in Conjurations
 10999 | D:7      | Noticed a hippogriff
 11013 | D:7      | Killed a hippogriff
 11013 | D:7      | Reached skill level 1 in Evocations
 11013 | D:7      | Reached XP level 9. HP: 71/73 MP: 9/18
 11349 | D:7      | Got a slimy dagger
 11350 | D:7      | Identified the cursed +0 dagger of Pegu {freeze, Str+2}
                  | (You found it on level 7 of the Dungeon)
 11450 | D:7      | Found Tuxamis's Distillery.
 11566 | D:7      | Bought a potion of heal wounds for 60 gold pieces
 11779 | D:7      | Reached skill level 7 in Stealth
 12778 | D:8      | Reached skill level 8 in Stealth
 12778 | D:8      | Reached skill level 1 in Fire Magic
 13128 | D:8      | Reached XP level 10. HP: 81/81 MP: 15/21
 13136 | D:8      | Reached ** piety under Vehumet
 13163 | D:8      | Offered knowledge of Shock by Vehumet.
 13839 | D:9      | Noticed Erica
 13843 | D:9      | Reached skill level 9 in Stealth
 13912 | D:9      | Noticed Maggie
 14108 | D:9      | Offered knowledge of Ignite Poison by Vehumet.
 14111 | D:9      | Killed Erica
 14111 | D:9      | Reached skill level 5 in Poison Magic
 14272 | D:9      | Reached *** piety under Vehumet
 14321 | D:9      | Reached skill level 10 in Stealth
 14465 | D:9      | Killed Maggie
 14695 | D:9      | Reached XP level 11. HP: 84/90 MP: 17/23
 14700 | D:9      | Reached skill level 1 in Long Blades
 14802 | D:10     | Entered Level 10 of the Dungeon
 15007 | D:10     | Got a bound copper ring
 15036 | D:10     | Identified the ring "Biniczi" {MR+ EV+4 Int+2} (You found
                  | it on level 10 of the Dungeon)
 15126 | D:10     | Offered knowledge of Dazzling Flash by Vehumet.
 15131 | D:10     | Learned a level 3 spell: Dazzling Flash
 15198 | D:10     | Noticed Snorg
 15205 | D:10     | Killed Snorg
 16017 | D:10     | Got a steaming short sword
 16018 | D:10     | Identified the +7 short sword of Okawaru's Displeasure
                  | {protect, rPois Int-4 SInv Stlth+} (You found it on level
                  | 10 of the Dungeon)
 16302 | D:11     | Found a staircase to the Lair.
 16374 | D:11     | Reached **** piety under Vehumet
 16374 | D:11     | Reached skill level 5 in Long Blades
 17019 | D:11     | Got a warped whip
 17073 | D:12     | Noticed a two-headed ogre
 17078 | D:12     | Noticed a manticore
 17086 | D:12     | Killed a two-headed ogre
 17091 | D:12     | Killed a manticore
 17091 | D:12     | Offered knowledge of Inner Flame by Vehumet.
 17091 | D:12     | Reached skill level 11 in Stealth
 17096 | D:12     | Noticed Erolcha
 17112 | D:12     | Killed Erolcha
 17174 | D:12     | Noticed an unseen horror
 17198 | D:12     | Found a gate leading to a gauntlet.
 17198 | D:12     | Noticed a manticore
 17214 | D:12     | Killed an unseen horror
 17214 | D:12     | Reached XP level 12. HP: 99/99 MP: 6/24
 17239 | Gauntlet | Entered a Gauntlet
 17239 | Gauntlet | Found a transporter.
 17239 | Gauntlet | Found a transporter.
 17242 | Gauntlet | Found a transporter.
 17245 | Gauntlet | Found a transporter.
 17246 | Gauntlet | Found a transporter.
 17264 | Gauntlet | Found a transporter.
 17268 | Gauntlet | Found a transporter.
 17274 | Gauntlet | Noticed a reaper
 17344 | Gauntlet | Found a transporter.
 17344 | Gauntlet | Found a transporter.
 17347 | Gauntlet | Found a transporter.
 17348 | Gauntlet | Found a runed translucent door.
 17359 | Gauntlet | Found a transporter.
 17375 | Gauntlet | Found a transporter.
 17377 | Gauntlet | Found a runed translucent door.
 17399 | Gauntlet | Found a transporter.
 17413 | Gauntlet | Found a transporter.
 17466 | Gauntlet | Reached skill level 12 in Stealth
 17489 | Gauntlet | Got a pair of pitted gloves
 17490 | Gauntlet | Identified the +1 pair of gloves "Kocameo" {+Blink rC++
                  | Dex-2 Slay+2} (You found it in a Gauntlet)
 17566 | Gauntlet | Killed a reaper
 17566 | Gauntlet | Reached skill level 5 in Dodging
 17685 | Gauntlet | Identified the +10 dagger of the Heavens {venom, rN+}
 17685 | Gauntlet | Noticed a minotaur
 17691 | Gauntlet | Hit by a silver javelin thrown by a minotaur

Illustrated notes

Levels and vault maps discovered:
D:1:      dpeg_arrival_boxes_within_box, layout_loops_ring,
          kennysheep_minor_cross, minmay_crystal_room
D:2:      layout_basic, chequers_ecumenical_altar_island, kennysheep_nub
D:3:      layout_rooms, cheibriados_altar_1, uniq_robin
D:4:      layout_gridville, minmay_temple_entry_arrows, enter_ossuary_4,
          minmay_misc_feat_plants, uniq_edmund
D:5:      layout_basic, cheibrodos_sewer_entry_drain, uniq_crazy_yiuf_cottage,
          uniq_ijyb, uniq_eustachio
D:6:      layout_loops_ring, st_stairs_8
D:7:      layout_rooms, serial_shops, kennysheep_little_box,
          kennysheep_generic_room_9
D:8:      layout_layer_cave
D:9:      layout_rooms, uniq_maggie, uniq_erica
D:10:     layout_grid_maze, serial_glass, glass_columns_a, glass_columns_a,
          feat_on_display, uniq_snorg
D:11:     layout_grid_maze, lair_entry_dummy, eino_jars
D:12:     layout_basic, orc_0_dummy, gauntlet_entry_generic, uniq_erolcha
Temple:   roderic_octagonal_lattice_temple
Gauntlet: gammafunk_gauntlet_mixed_choke_point
          [minmay_gauntlet_arena_77_chump_sandwich,
          minmay_gauntlet_arena_77_radiant_squares,
          minmay_gauntlet_arena_77_double_cross,
          gammafunk_gauntlet_arena_split_x,
          minmay_gauntlet_arena_77_terracotta_army,
          minmay_gauntlet_arena_77_shame_cube, minmay_gauntlet_arena_77_museum,
          gauntlet_exit_watery]

Skill      XL: |  1  2  3  4  5  6  7  8  9 10 11 12 |
---------------+-------------------------------------+-----
Dodging        | 2 3 4 5 |  5.0
Poison Magic   | 1 2 3 4 5 6 |  6.2
Conjurations   | 2 3 4 5 6 7 |  7.7
Spellcasting   | 4 5 6 7 8 9 |  9.0
Fighting       | 1 2 3 4 |  4.4
Stealth        | 4 5 6 8 10 11 12 | 12.2
Armour         | 1 2 3 |  3.9
Air Magic      | 1 2 3 |  3.2
Translocations | 2 3 |  3.1
Evocations     | 1 2 |  2.0
Fire Magic     | 1 |  1.1
Long Blades    | 6 7 |  7.0
Summonings     | |  1.0

Action                   |  1- 3 |  4- 6 |  7- 9 | 10-12 || total
-------------------------+-------+-------+-------+-------++-------
Melee: Dagger            |    32 |    27 |   287 |   136 ||   482
       Scimitar          |       |       |       |   250 ||   250
 Cast: Magic Dart        |    94 |   236 |   269 |    89 ||   688
       Blink             |       |     3 |    28 |    14 ||    45
       Mephitic Cloud    |       |     2 |    30 |    66 ||    98
       Conjure Flame     |       |     2 |     9 |     2 ||    13
 Abil: Spit Poison       |    24 |    26 |    21 |    13 ||    84
Evoke: Wand              |       |       |    11 |    20 ||    31
       Condenser vane    |       |       |       |     1 ||     1
  Use: Potion            |     1 |       |       |     4 ||     5
       Scroll            |       |     3 |       |    28 ||    31
 Stab: Confused          |       |     2 |    17 |    37 ||    56
       Sleeping          |       |       |     5 |     6 ||    11
       Paralysed         |       |       |     4 |     1 ||     5
Armor: Robe              |    15 |    23 |       |    13 ||    51
       Leather armour    |       |     5 |    88 |    33 ||   126
       Troll leather arm |       |       |       |    99 ||    99
Dodge: Dodged            |    62 |    93 |   206 |   358 ||   719
       Rpst.: Scimitar   |       |       |       |    72 ||    72

Table legend: (Time is in decaauts)
 A = Elapsed time spent in this place.
 B = Non-inter-level travel time spent in this place.
 C = Inter-level travel time spent in this place.
 D = Time resting spent in this place.
 E = Time spent auto-exploring this place.
 F = Levels seen in this place.
 G = Mean time per level.
                   A        B        C        D        E       F      G
               +--------+--------+--------+--------+--------+-----+--------+
         Total |  21486 |  21013 |    473 |   3221 |  12719 |  16 | 1342.9 |
       Dungeon |  18163 |  17690 |    473 |   2064 |  11883 |  12 | 1513.6 |
        Temple |    215 |    215 |      0 |      0 |      0 |   1 |  215.0 |
         Sewer |   1281 |   1281 |      0 |    250 |    725 |   1 | 1281.0 |
       Ossuary |   1248 |   1248 |      0 |    852 |    111 |   1 | 1248.0 |
      Gauntlet |    577 |    577 |      0 |     55 |      0 |   1 |  577.0 |
               +--------+--------+--------+--------+--------+-----+--------+

Top non-repeatable levels by time:
     D:2: 2460 daAuts
     D:8: 2332 daAuts
     D:1: 2024 daAuts
     D:5: 1677 daAuts
    D:10: 1659 daAuts
     D:4: 1547 daAuts
     D:7: 1331 daAuts
     D:6: 1293 daAuts
   Sewer: 1281 daAuts
 Ossuary: 1248 daAuts
    D:11: 1230 daAuts
     D:3: 1173 daAuts
     D:9: 1168 daAuts
Gauntlet: 577 daAuts
    D:12: 264 daAuts
